 Dungeon Crawl Stone Soup version 0.14-a0-2019-gd9bc7f0 (webtiles) character file.

4789 Piginabag the Fighter (level 10, 0/78 HPs)
             Began as an Octopode Wanderer on Jan 19, 2014.
             Was an Elder of Nemelex Xobeh.
             Slain by a killer bee (6 damage)
             ... on Level 9 of the Dungeon.
             The game lasted 00:29:00 (10862 turns).

Piginabag the Fighter (Octopode Wanderer)          Turns: 10862, Time: 00:29:00

HP   0/78        AC  1     Str 14      XL: 10   Next: 35%
MP  30/30        EV 11     Int 12      God: Nemelex Xobeh [****..]
Gold 385         SH  0     Dex 15      Spells:  0 memorised, 11 levels left

rFire  . . .     SeeInvis .     (no weapon)
rCold  . . .     Clarity  .     (no shield)
rNeg   . . .     Conserve .     (helmet restricted)
rPois  .         rCorr    .     (no amulet)
rElec  .         rRot     .     h - ring of protection from magic
SustAb . .       Spirit   .     m - ring of sustenance
rMut   .         Warding  .     n - ring of regeneration
Saprov . . .     Stasis   .     e - ring of magical power
MR     +....                    (no ring)
                                (no ring)
                                (no ring)
                                (no ring)

@: mildly poisoned, drained, very quick, somewhat resistant to hostile
enchantments, stealthy
A: almost no armour, amphibious, 8 rings, constrict 8, camouflage 1, gelatinous
body 1
a: Draw One, Peek at Two, Triple Draw, Deal Four, Renounce Religion


You were on level 9 of the Dungeon.
You worshipped Nemelex Xobeh.
Nemelex Xobeh was greatly pleased with you.
You were hungry.

You visited 2 branches of the dungeon, and saw 10 of its levels.
You also visited: Sewer.

You collected 385 gold pieces.

Inventory:

Hand weapons
 a - a +0,+3 demon whip of electrocution
 t - the +10,+7 short sword "Roamp" {flame, rElec SInv}
   (You found it on level 4 of the Dungeon)

   It emits flame when wielded, causing extra injury to most foes and up to
   double damage against particularly susceptible opponents.
   Big, fiery blades are also staple armaments of hydra-hunters.
   It insulates you from electricity.
   It enhances your eyesight.
 N - a +0,+2 orcish trident of venom
Magical devices
 v - a wand of paralysis (5)
 y - a wand of magic darts (8)
 G - a wand of teleportation (0)
 M - a wand of digging (21)
Comestibles
 i - 6 bread rations
 j - 5 meat rations
 p - 2 apples
 u - a snozzcumber
 J - a choko
 L - 4 chunks of sheep flesh
 R - 9 cheeses
 T - 2 beef jerkies
Scrolls
 g - a scroll of amnesia {unknown}
 k - 2 scrolls of teleportation
 o - 5 scrolls of identify
 q - 3 scrolls of magic mapping
 s - 2 scrolls of recharging {unknown}
 x - 2 scrolls of immolation {unknown}
 A - a scroll of blinking {unknown}
 C - 4 scrolls of remove curse
 F - a scroll of fear {unknown}
 H - a scroll of enchant weapon II {unknown}
 I - 2 scrolls of enchant weapon I
 K - a scroll of random uselessness {unknown}
 O - a scroll of enchant weapon III {unknown}
 P - a scroll of acquirement {unknown}
Jewellery
 e - a ring of magical power (on tentacle)
 h - a ring of protection from magic (left tentacle)
 m - a ring of sustenance (right tentacle)
 n - a ring of regeneration (on tentacle)
 r - an uncursed ring of teleportation
 Q - an uncursed ring of fire {unknown}
Potions
 b - a potion of flight {unknown}
 c - a potion of restore abilities {unknown}
 d - 3 potions of might
 f - a potion of invisibility {unknown}
 l - a potion of agility {unknown}
 z - 2 potions of magic
 B - 2 potions of speed {unknown}
 D - 2 potions of brilliance {unknown}
 E - a potion of lignification {unknown}
 U - a potion of mutation {unknown}


   Skills:
 + Level 11.0(10.2) Fighting
 * Level 8.0(7.3) Polearms
   Level 0.4(0.0) Staves
 - Level 1.0(0.4) Dodging
 - Level 1.3(0.7) Stealth
   Level 1.0(0.4) Shields
 - Level 1.0(0.4) Spellcasting
   Level 2.0(1.4) Fire Magic
 + Level 7.2(6.5) Evocations


You had 11 spell levels left.
You didn't know any spells.

Dungeon Overview and Level Annotations

Branches:
Dungeon (9/16)             Temple (1/1) D:4            Lair (0/8) D:8
    Orc: D:9-12

Altars:
Ashenzari
Cheibriados
Dithmengos
Elyvilon
Kikubaaqudgha
Makhleb
Nemelex Xobeh
Okawaru
Sif Muna
Trog
Vehumet
Xom
Yredelemnul
Zin

Annotations:
D:5 exclusion: upstairs


Innate Abilities, Weirdness & Mutations

You cannot wear most types of armour.
You are amphibious.
You can wear up to eight rings at the same time.
You can use your tentacles to constrict many enemies at once.
Your skin changes colour to match your surroundings (Stlth).
Your rubbery body absorbs attacks (AC +1).


Message History

Okay, then.
The killer bee barely misses you. The killer bee barely misses you.
The killer bee barely misses you.
There is an open door here.
The killer bee stings you.
* * * LOW HITPOINT WARNING * * *
You start to feel a little slower.
The killer bee barely misses you.
There is an open door here.
The killer bee stings you.
* * * LOW HITPOINT WARNING * * *
You are more poisoned.
The killer bee poisons you!
* * * LOW HITPOINT WARNING * * *
You feel sick.
* * * LOW HITPOINT WARNING * * *
You feel sick. The killer bee stings you.
You die...
Your body glows with a rainbow of weird colours and disappears.

## ########## .# ###############
#........# .#
#.............#####........#
.#####.............##..'........#
.'..##.............##.##........'
.##.##.............##o##........#
.##..')............k..###o#######
.#####.............#### #.%....#
## #..........@k.# ######.#
#########.##### #.# ######..###
#.# #.........### ########.##
#...........####..........
#.........#...............
#.........######..........
#.........# #.......... #####
#.........# #..........


You could see 2 killer bees and an orc.

Vanquished Creatures
  A fire drake (D:8)
  5 yaks (D:9)
  3 orc warriors
  A necrophage (D:8)
  A human (D:9)
  A sky beast (D:6)
  An ice beast (D:9)
  3 phantoms
  3 giant frogs
  8 killer bees (D:9)
  A giant goldfish zombie (D:2)
  8 crimson imps
  5 wights (D:9)
  A gnoll shaman (D:6)
  A goliath beetle (D:8)
  7 hounds
  4 orc priests
  A jelly (D:5)
  2 scorpions (D:8)
  3 iguanas
  2 orc wizards
  2 black bear skeletons
  4 worker ants
  4 sheep (D:9)
  A big kobold zombie (D:6)
  An ogre skeleton (D:4)
  9 adders
  A big fish zombie (D:2)
  6 gnolls (D:6)
  2 worker ant zombies
  A worm zombie (D:6)
  3 giant mites
  2 worms
  An adder skeleton (D:4)
  4 oozes
  39 orcs
  5 ball pythons
  10 bats
  7 giant cockroaches
  12 goblins
  11 hobgoblins
  14 jackals
  4 quokkas
  5 giant geckos
  5 giant newts
  2 giant spores
  14 kobolds
  An orc zombie (D:8)
  19 rats
  3 ballistomycetes (D:8)
  4 plants (Sewer)
258 creatures vanquished.

Vanquished Creatures (others)
  A giant spore (D:8)
1 creature vanquished.

Grand Total: 259 creatures vanquished

Notes
Turn   | Place    | Note
--------------------------------------------------------------
     0 | D:1      | Piginabag, the Octopode Wanderer, began the quest for the Orb.
     0 | D:1      | Reached XP level 1. HP: 13/13 MP: 3/3
   678 | D:1      | Reached XP level 2. HP: 19/19 MP: 4/4
  1006 | D:2      | Found a basalt altar of Yredelemnul.
  1012 | D:2      | Reached XP level 3. HP: 20/25 MP: 5/5
  1546 | D:2      | Reached skill level 3 in Fighting
  1546 | D:2      | Reached XP level 4. HP: 23/33 MP: 6/6
  1728 | D:2      | Reached skill level 4 in Fighting
  2095 | D:2      | Found a deep blue altar of Sif Muna.
  2336 | D:3      | Found an iron altar of Okawaru.
  2377 | D:3      | Reached XP level 5. HP: 16/38 MP: 8/8
  2453 | D:3      | Found an ancient bone altar of Kikubaaqudgha.
  2681 | D:3      | Reached skill level 5 in Fighting
  3329 | D:3      | Reached XP level 6. HP: 31/45 MP: 9/9
  3426 | D:4      | Got a transparent short sword
  3427 | D:4      | Identified the +10,+7 short sword "Roamp" {flame, rElec SInv} (You found it on level 4 of the Dungeon)
  3638 | D:4      | Noticed a phantom
  3651 | D:4      | Killed a phantom
  3651 | D:4      | Reached skill level 6 in Fighting
  3965 | D:4      | Found a staircase to the Ecumenical Temple.
  4094 | Temple   | Entered the Ecumenical Temple
  4205 | Temple   | Became a worshipper of Nemelex Xobeh
  4404 | D:1      | Received a gift from Nemelex Xobeh
  4948 | D:3      | Acquired Nemelex Xobeh's first power
  5407 | D:5      | Entered Level 5 of the Dungeon
  5486 | D:5      | Found a glowing drain.
  5494 | D:5      | Reached XP level 7. HP: 52/52 MP: 10/10
  5525 | Sewer    | Entered a sewer
  5751 | Sewer    | Acquired Nemelex Xobeh's second power
  7055 | D:4      | Acquired Nemelex Xobeh's third power
  7217 | D:6      | Found a radiant altar of Vehumet.
  7227 | D:6      | Reached skill level 7 in Fighting
  7620 | D:6      | Reached XP level 8. HP: 57/60 MP: 12/12
  7769 | D:6      | Reached skill level 5 in Polearms
  8110 | D:7      | Reached skill level 8 in Fighting
  8118 | D:7      | Found a shattered altar of Ashenzari.
  8272 | D:7      | Received a gift from Nemelex Xobeh
  8353 | D:7      | Noticed a hill giant
  8568 | D:8      | Acquired Nemelex Xobeh's fourth power
  8568 | D:8      | Received a gift from Nemelex Xobeh
  8573 | D:8      | Reached XP level 9. HP: 9/67 MP: 16/16
  8663 | D:8      | Noticed a fire drake
  8718 | D:8      | Reached skill level 9 in Fighting
  8725 | D:8      | Killed a fire drake
  8799 | D:8      | Found a staircase to the Lair.
  8806 | D:8      | Found a burning altar of Makhleb.
  9047 | D:8      | Reached skill level 5 in Evocations
  9161 | D:8      | Found a deep blue altar of Sif Muna.
  9624 | D:9      | Reached skill level 10 in Fighting
  9930 | D:9      | Reached XP level 10. HP: 57/77 MP: 20/20
  9945 | D:9      | Received a gift from Nemelex Xobeh
 10453 | D:9      | Found a bloodstained altar of Trog.
 10835 | D:9      | Reached skill level 11 in Fighting
 10862 | D:9      | Slain by a killer bee

Action                   |  1- 3 |  4- 6 |  7- 9 | 10-12 || total
-------------------------+-------+-------+-------+-------++-------
Melee: Quarterstaff      |    49 |    53 |       |       ||   102
       Spear             |       |    65 |       |       ||    65
       Short sword       |       |    63 |   300 |       ||   363
       Unarmed           |       |       |     1 |    18 ||    19
       Demon whip        |       |       |    18 |    73 ||    91
       Trident           |       |       |     5 |       ||     5
Evoke: Deck              |       |       |    23 |     5 ||    28
       Wand              |       |       |     8 |       ||     8
  Use: Scroll            |       |     8 |     3 |       ||    11
       Potion            |       |     2 |     5 |     4 ||    11
 Stab: Sleeping          |     5 |    11 |    13 |     1 ||    30
